 Dungeon Crawl Stone Soup version 0.20.0-7-g3b7b877 (webtiles) character file.

9917 zhorgal the Severer (level 11, -5/142 HPs)
             Began as a Minotaur Berserker on May 29, 2017.
             Was a High Priest of Trog.
             Slain by an orc warrior
             ... wielding a +0 glaive
              (16 damage)
             ... in a bailey.
             The game lasted 00:59:40 (11342 turns).

zhorgal the Severer (Minotaur Berserker)           Turns: 11342, Time: 00:59:41

Health: -5/142     AC: 14    Str: 29    XL:     11   Next: 29%
Magic:  14/14      EV:  8    Int:  4    God:    Trog [*****.]
Gold:   839        SH:  0    Dex: 11    Spells: 10/10 levels left

rFire    . . .     SeeInvis +   O - +8 battleaxe (venom)
rCold    . . .     Gourm    .   (shield currently unavailable)
rNeg     . . .     Faith    .   a - +0 plate armour
rPois    .         Spirit   .   (helmet restricted)
rElec    .         Reflect  .   (no cloak)
rCorr    .         Harm     .   (no gloves)
MR       .....                  f - +0 pair of boots
Stlth    ..........             y - amulet of regeneration
Regen    0.8/turn               L - ring of loudness (curse)
MPRegen  0.2/turn               M - ring of see invisible

@: berserking, very quick
A: retaliatory headbutt, horns 2
a: Berserk, Trog's Hand, Brothers in Arms, Burn Spellbooks, Renounce Religion


You were in a bailey.
You worshipped Trog.
Trog was extremely pleased with you.
You were hungry.

You visited 2 branches of the dungeon, and saw 12 of its levels.
You also visited: Sewer, Ossuary and Bailey.

You collected 839 gold pieces.

Inventory:

Hand Weapons
 K - a +6 broad axe of venom
 O - a +8 battleaxe of venom (weapon)
 S - the +5 quarterstaff of the Badger {vamp, +Inv Int+5, unknown}
   (You found it on level 8 of the Dungeon)

   It inflicts no extra harm, but heals its wielder when it wounds a living foe.
   It affects your intelligence (+5).
   It lets you turn invisible.
Missiles
 u - 21 tomahawks (quivered)
 E - 4 throwing nets
 G - 2 javelins
Armour
 a - a +0 plate armour (worn)
 f - a +0 pair of boots (worn)
 h - a +1 ring mail of poison resistance
 r - a +0 chain mail
 H - a +0 buckler
Jewellery
 d - an uncursed ring of resist corrosion
 x - an uncursed ring of ice {unknown}
 y - an amulet of regeneration (around neck)
 z - a +3 ring of strength
 D - a cursed ring of teleportation {unknown}
 L - a cursed ring of loudness (left hand)
 M - a ring of see invisible (right hand)
 U - a +3 ring of evasion {unknown}
Wands
 k - a wand of confusion (24/48)
 s - a wand of paralysis (24/24)
 F - a wand of confusion (26/48)
 J - a wand of enslavement (12/24)
 R - a wand of flame (16/48)
 X - a wand of confusion (32/48)
Scrolls
 b - a scroll of blinking
 g - 14 scrolls of identify
 i - 6 scrolls of teleportation
 n - 5 scrolls of remove curse
 B - 3 scrolls of fear {unknown}
 I - a scroll of recharging
 N - a scroll of fog
 Q - a scroll of immolation {unknown}
Potions
 e - 4 potions of haste {unknown}
 j - 7 potions of curing {unknown}
 o - a potion of degeneration {unknown}
 p - 4 potions of lignification {unknown}
 q - 6 potions of flight {unknown}
 t - 3 potions of mutation {unknown}
 w - 9 potions of heal wounds {unknown}
 C - 2 potions of berserk rage {unknown}
 P - 2 potions of resistance
 T - a potion of brilliance {unknown}
Miscellaneous
 Z - a sack of spiders
Comestibles
 c - 13 bread rations
 l - 3 royal jellies
 m - 23 chunks of flesh
 v - 4 meat rations
 V - 2 fruits


   Skills:
 + Level 8.4 Fighting
 * Level 16.2 Axes
 + Level 7.5 Armour
 - Level 2.1 Dodging
 + Level 5.5 Evocations


You had 10 spell levels left.
You didn't know any spells.

Dungeon Overview and Level Annotations

Branches:
Dungeon (11/15)            Temple (1/1) D:4            Lair (0/6) D:10
    Orc (0/2) D:10

Altars:
Ashenzari
Elyvilon
Fedhas
Hepliaklqana
Makhleb
Sif Muna
Trog
Yredelemnul
Zin
Beogh

Annotations:
D:2 exclusion: 2 doors


Innate Abilities, Weirdness & Mutations

You reflexively headbutt those who attack you in melee.
You have a pair of horns on your head.


Message History

* * * LOW HITPOINT WARNING * * *
Things that are here:
a war axe; a halberd You slice the orc warrior!!
You kill the orc warrior!
Trog accepts your kill. The orc barely misses you.
The orc warrior hits you but does no damage.
The orc warrior hits you from afar with a glaive!
* * * LOW HITPOINT WARNING * * *
The orc barely misses you.
Things that are here:
a glaive; a chain mail; an orc corpse A red film seems to cover your vision as you go berserk!
You feel yourself moving faster!
You feel mighty!
You are feeling hungry.
The orc warrior hits you with a glaive!
* * * LOW HITPOINT WARNING * * *
The orc warrior hits you from afar with a glaive!
You die...

o.o.
##'##
#...#
#...#
#...#
#.o.#
###o###
##..o..##
#..o@...#
#..)))..#
#...)...#
#.).))..#
#.))))..#
#.))))..#
#.......#
#.......#
#∩.....∩#


You could see 2 orc warriors and 2 orcs.

Vanquished Creatures
  4 two-headed ogres
  Erica (D:8)
  The ghost of Mesmaeker13 the Charmwright, a novice HuSk (D:6)
  A hornet (D:10)
  A hippogriff (D:9)
  Sigmund (D:5)
  A shadow (D:11)
  A hungry ghost (D:7)
  A water moccasin (D:7)
  3 porcupines (D:10)
  2 ice beasts
  4 sky beasts
  9 orc warriors
  A phantom (D:10)
  6 ogres
  A centaur (D:7)
  5 bullfrogs
  A gnoll sergeant (D:6)
  6 killer bees (D:9)
  7 scorpions
  4 wights (D:7)
  5 howler monkeys (D:9)
  A crimson imp (D:5)
  2 bullfrog zombies (D:8)
  A centaur skeleton (D:7)
  14 orc wizards
  6 orc priests
  3 hounds
  2 human zombies (Ossuary)
  3 jellies
  A bullfrog skeleton (D:5)
  An iguana (D:5)
  Ijyb (D:3)
  3 worker ants
  A big kobold zombie (Ossuary)
  2 hound skeletons
  2 hound zombies
  3 mummies (Ossuary)
  2 worker ant zombies
  6 gnolls
  A howler monkey skeleton (D:5)
  13 adders
  3 scorpion zombies (Ossuary)
  4 shadow imps
  An adder skeleton (D:6)
  4 worms
  3 dart slugs
  3 leopard geckos
  74 orcs
  11 bats
  6 giant cockroaches
  14 goblins
  12 hobgoblins
  19 jackals
  14 kobolds
  A quokka (D:9)
  4 ball pythons
  11 frilled lizards
  2 gnoll zombies (Ossuary)
  2 goblin zombies (Ossuary)
  A hobgoblin zombie (Ossuary)
  2 jackal skeletons
  6 kobold zombies (Ossuary)
  2 quokka zombies
  10 rats
343 creatures vanquished.

Notes
Turn   | Place    | Note
-------+----------+-------------------------------------------
     0 | D:1      | zhorgal the Minotaur Berserker began the quest for the Orb.
     0 | D:1      | Reached XP level 1. HP: 19/19 MP: 0/0
    60 | D:1      | Reached skill level 4 in Axes
   284 | D:1      | Reached XP level 2. HP: 26/26 MP: 1/1
   585 | D:1      | Reached skill level 5 in Axes
   752 | D:1      | Reached XP level 3. HP: 31/31 MP: 2/2
  1090 | D:2      | Found a bloodstained altar of Trog.
  1143 | D:2      | Reached ** piety under Trog
  1542 | D:2      | Reached XP level 4. HP: 39/39 MP: 3/3
  1619 | D:2      | Reached skill level 6 in Axes
  1886 | D:3      | Reached skill level 7 in Axes
  1886 | D:3      | Reached XP level 5. HP: 28/45 MP: 4/4
  2278 | D:3      | Noticed Ijyb
  2327 | D:3      | Killed Ijyb
  2512 | D:3      | Reached *** piety under Trog
  2914 | D:4      | Found a staircase to the Ecumenical Temple.
  2927 | D:4      | Reached skill level 8 in Axes
  2927 | D:4      | Reached XP level 6. HP: 38/51 MP: 5/5
  2939 | Temple   | Entered the Ecumenical Temple
  3122 | D:4      | Found a shattered altar of Ashenzari.
  3122 | D:4      | Found a hazy altar of Hepliaklqana.
  3343 | D:4      | Found a sand-covered staircase.
  3349 | Ossuary  | Entered an ossuary
  3451 | Ossuary  | Reached skill level 9 in Axes
  3610 | Ossuary  | Reached XP level 7. HP: 57/57 MP: 6/6
  3636 | Ossuary  | Reached skill level 10 in Axes
  4213 | D:4      | Found a burning altar of Makhleb.
  4644 | D:5      | Entered Level 5 of the Dungeon
  4686 | D:5      | Reached **** piety under Trog
  4705 | D:5      | Reached skill level 11 in Axes
  4711 | D:5      | Found a glowing drain.
  4735 | Sewer    | Entered a sewer
  5455 | D:5      | Reached XP level 8. HP: 64/64 MP: 7/7
  5594 | D:5      | Reached skill level 12 in Axes
  5598 | D:5      | Reached ***** piety under Trog
  5937 | D:5      | Noticed Sigmund
  5950 | D:5      | Killed Sigmund
  6054 | D:5      | Reached skill level 13 in Axes
  6563 | D:6      | Found a white marble altar of Elyvilon.
  6637 | D:6      | Noticed Mesmaeker13's ghost (novice HuSk)
  6661 | D:6      | Killed Mesmaeker13's ghost
  6661 | D:6      | Reached skill level 14 in Axes
  6661 | D:6      | Reached XP level 9. HP: 70/70 MP: 8/8
  6927 | D:6      | Received a gift from Trog
  7576 | D:7      | Reached skill level 1 in Evocations
  8026 | D:7      | Found a glowing silver altar of Zin.
  8192 | D:7      | Reached skill level 15 in Axes
  8547 | D:8      | Reached skill level 5 in Fighting
  8729 | D:8      | Got a polished quarterstaff
  8817 | D:8      | Found a roughly hewn altar of Beogh.
  8831 | D:8      | Reached XP level 10. HP: 82/82 MP: 11/11
  9012 | D:8      | Noticed a two-headed ogre
  9017 | D:8      | Killed a two-headed ogre
  9017 | D:8      | Reached skill level 5 in Armour
  9167 | D:8      | Noticed a two-headed ogre
  9168 | D:8      | Noticed Erica
  9183 | D:8      | Killed a two-headed ogre
  9209 | D:8      | Killed Erica
  9699 | D:9      | Received a gift from Trog
 10303 | D:10     | Entered Level 10 of the Dungeon
 10513 | D:10     | Reached skill level 5 in Evocations
 10513 | D:10     | Reached XP level 11. HP: 73/93 MP: 13/13
 10583 | D:10     | Found a staircase to the Lair.
 10611 | D:10     | Found a staircase to the Orcish Mines.
 10794 | D:10     | Noticed a two-headed ogre
 10807 | D:10     | Killed a two-headed ogre
 10807 | D:10     | Reached skill level 16 in Axes
 10812 | D:10     | Noticed a tengu warrior
 10815 | D:10     | Noticed a deep elf mage
 11088 | D:11     | Noticed a red ugly thing
 11089 | D:11     | Noticed a red ugly thing
 11128 | D:11     | Noticed a two-headed ogre
 11134 | D:11     | Killed a two-headed ogre
 11219 | D:11     | Found a flagged portal.
 11239 | Bailey   | Entered a bailey
 11342 | Bailey   | Slain by an orc warrior

Skill      XL: |  1  2  3  4  5  6  7  8  9 10 11 |
---------------+----------------------------------+-----
Axes           | 4 5 7 8 9 11 14 15 16 | 16.2
Fighting       | 5 7 8 |  8.4
Evocations     | 2 5 |  5.5
Armour         | 4 7 |  7.5
Dodging        | |  2.1

Action                   |  1- 3 |  4- 6 |  7- 9 | 10-12 || total
-------------------------+-------+-------+-------+-------++-------
Melee: Hand axe          |    92 |   105 |       |       ||   197
       Headbutt          |    11 |    38 |    49 |    28 ||   126
       War axe           |       |    93 |   233 |       ||   326
       Broad axe         |       |       |   107 |    96 ||   203
       Battleaxe         |       |       |       |    73 ||    73
Invok: Berserk           |       |     1 |     5 |     6 ||    12
  Use: Scroll            |       |     6 |     6 |     3 ||    15
       Potion            |       |     2 |       |     1 ||     3
  Eat: Chunk             |     2 |     8 |    18 |    13 ||    41
       Royal jelly       |       |       |     2 |       ||     2
Armor: Animal skin       |     9 |       |       |       ||     9
       Scale mail        |    38 |    35 |       |       ||    73
       Chain mail        |       |    63 |   131 |    46 ||   240
       Plate armour      |       |       |       |    71 ||    71
Dodge: Dodged            |    58 |    70 |    97 |    90 ||   315
